 Dungeon Crawl Stone Soup version 0.17-a0-802-g1f09329 (console) character file.

322 dunyain the Insei (level 6, 35/50 HPs)
             Began as a Demigod Monk on Apr 26, 2015.
             Quit the game on level 3 of the Dungeon.
             The game lasted 00:13:34 (5312 turns).

dunyain the Insei (Demigod Monk)                    Turns: 5312, Time: 00:13:34

Health: 35/50      AC:  8    Str: 16    XL:     6   Next: 1%
Magic:  8/8        EV:  8    Int: 14    God:
Gold:   78         SH:  0    Dex: 20    Spells: 0 memorised, 5 levels left

rFire  + . .     SeeInvis .     b - +0 blowgun (curse)
rCold  . . .     Clarity  .     A - +0 chain mail
rNeg   . . .     SustAb   +     (no shield)
rPois  .         Gourm    .     (no helmet)
rElec  .         Spirit   .     (no cloak)
rCorr  .         Warding  .     (no gloves)
rMut   .         Stasis   .     (no boots)
MR     .....                    (no amulet)
Stlth  ..........               r - ring of protection from cold
                                u - ring of fire

@: not resistant to hostile enchantments, extremely unstealthy
A: high mp 1, sustain abilities
a: no special abilities


You were on level 3 of the Dungeon.
You were hungry.

You visited 1 branch of the dungeon, and saw 5 of its levels.

You collected 78 gold pieces.

Inventory:

Hand weapons
 b - a cursed +0 blowgun (weapon)
 z - a +2 flail of protection
 F - a +2 flail of draining
Missiles
 n - a poisoned needle (quivered)
Armour
 a - a +0 robe
 A - a +0 chain mail (worn)
 C - a +1 plate armour
Jewellery
 g - an uncursed ring of flight
 r - a ring of protection from cold (right hand)
 u - a ring of fire (left hand)
 B - an uncursed amulet of stasis
Magical devices
 y - a wand of polymorph (11)
Scrolls
 d - 3 scrolls of identify
 f - 2 scrolls of teleportation
 l - a scroll of fog
Comestibles
 k - a beef jerky
 o - a meat ration
 E - 2 bread rations


   Skills:
 - Level 2.6 Fighting
 + Level 4.2 Maces & Flails
 - Level 2.6 Dodging
 - Level 1.7 Stealth
 - Level 5.1 Unarmed Combat


You had 5 spell levels left.
You didn't know any spells.

Dungeon Overview and Level Annotations

Branches:
Dungeon (5/15)             Temple (0/1) D:5

Annotations:
D:4 Menkaure, Robin


Innate Abilities, Weirdness & Mutations

You have an increased reservoir of magic (+10% MP).
Your attributes are resistant to harm.


Message History

The bat hits you. The bat hits you but does no damage.
The bat hits you but does no damage. The bat hits you but does no damage.
The bat hits you but does no damage. The bat hits you but does no damage.
The bat barely misses you. The bat closely misses you.
The bat hits you but does no damage.
You see here a poisoned needle.
n - a poisoned needle The bat hits you but does no damage.
Firing (i - inventory):
n - a poisoned needle (quivered)
Press: ? - help, Shift-Dir - straight line, f/p - bat
Aim: a bat You shoot a poisoned needle.
The poisoned needle hits the bat!
The bat is poisoned.
The bat hits you but does no damage.
You kill the bat!
You see here a poisoned needle.
n - a poisoned needle Are you sure you want to abandon this character and quit the game? (Confirm with "yes".)

####.####...[.## ##.
##.....#######.># ##..
##.......## ##.### #...
#.........# #...####..
#.........########...)...
#.........#.........####.
#.................(.# #.
#.........#.........# #.
##......@...........# ##.
##(....##..........# #..
#####.##..........###..
#...#.........#....
###..#)#####.......
##.#...##........
##.###.#.........
#.........#......
#......>..##.....


There were no monsters in sight!

Vanquished Creatures
  Sigmund (D:3)
  An orc wizard (D:3)
  An orc priest (D:2)
  An adder (D:2)
  9 orcs
  2 ball pythons (D:1)
  A giant cockroach (D:1)
  3 goblins
  11 hobgoblins
  A quokka (D:2)
  8 bats
  5 giant geckos
  5 giant newts
  13 jackals
  9 kobolds
  11 rats
82 creatures vanquished.

Notes
Turn   | Place    | Note
--------------------------------------------------------------
     0 | D:1      | dunyain, the Demigod Monk, began the quest for the Orb.
     0 | D:1      | Reached XP level 1. HP: 18/18 MP: 3/3
   405 | D:1      | Reached skill level 4 in Unarmed Combat
   680 | D:1      | Reached XP level 2. HP: 25/25 MP: 4/4
  1720 | D:2      | Reached XP level 3. HP: 26/30 MP: 5/5
  2228 | D:2      | Reached skill level 5 in Unarmed Combat
  2316 | D:2      | Found a snail-covered altar of Cheibriados.
  2594 | D:3      | Noticed Sigmund
  3180 | D:2      | HP: 1/30 [adder (4)]
  3925 | D:4      | Reached XP level 4. HP: 34/37 MP: 6/6
  4000 | D:4      | Found a shadowy altar of Dithmenos.
  4081 | D:4      | Noticed Menkaure
  4345 | D:2      | Reached skill level 1 in Maces & Flails
  4681 | D:3      | Killed Sigmund
  4681 | D:3      | Reached XP level 5. HP: 38/42 MP: 7/7
  4953 | D:4      | Noticed Robin
  4968 | D:3      | Reached XP level 6. HP: 34/50 MP: 8/8
  5129 | D:5      | Entered Level 5 of the Dungeon
  5136 | D:5      | Found a staircase to the Ecumenical Temple.
  5312 | D:3      | Quit the game

Action                   |  1- 3 |  4- 6 || total
-------------------------+-------+-------++-------
Melee: Unarmed           |   206 |    43 ||   249
       Blowgun           |       |     1 ||     1
 Fire: Blowgun           |       |    26 ||    26
Evoke: Wand              |     5 |       ||     5
  Use: Potion            |     5 |       ||     5
       Scroll            |       |     7 ||     7
 Stab: Sleeping          |     5 |       ||     5
       Distracted        |       |     1 ||     1
  Eat: Chunk             |     9 |     4 ||    13
